 Dungeon Crawl Stone Soup version 0.30-a0-451-ge042605de7 (webtiles) character file.

Game seed: 11922055928923136525

88707 greasedhog the Polluter (level 15, -9/92 HPs)
             Began as a Gargoyle Venom Mage on Dec 7, 2022.
             Was a High Priest of Vehumet.
             Killed from afar by an ice dragon (43 damage)
             ... with a blast of cold
             ... on level 15 of the Dungeon on Dec 12, 2022.
             The game lasted 01:05:05 (25890 turns).

greasedhog the Polluter (Gargoyle Venom Mage)      Turns: 25890, Time: 01:05:06

Health: -9/92      AC: 23    Str: 14    XL:     15   Next: 94%
Magic:  9/33       EV: 11    Int: 24    God:    Vehumet [*****.]
Gold:   1669       SH:  7    Dex: 16    Spells: 23/42 levels left

rFire   . . .      SeeInvis +    u - staff of poison
rCold   . . .      Faith    .    h - +1 buckler
rNeg    + . .      Spirit   .    m - +0 acid dragon scales
rPois   ∞          Reflect  .    U - +0 hat {Stlth+}
rElec   +          Harm     .    (no cloak)
rCorr   +          Rampage  .    j - +0 pair of gloves
Will    +....      Rnd*Tele +    d - +1 pair of boots
Stlth   +++.......               L - amulet of magic regeneration
HPRegen 0.35/turn                H - ring of see invisible
MPRegen 0.63/turn                K - ring of Uli Ried {Int+3 Dex+6 Slay+3}

@: flying
A: sickness immunity, AC +11, big wings, negative energy resistance 1,
electricity resistance, torment resistance 1, petrification resistance,
teleportitis 1, subdued magic 1
a: Renounce Religion


You were on level 15 of the Dungeon.
You worshipped Vehumet.
Vehumet was extremely pleased with you.
You visited 4 branches of the dungeon, and saw 23 of its levels.

You collected 1923 gold pieces.
You spent 254 gold pieces at shops.

Inventory:

Hand Weapons
 V - the +8 trishula "Condemnation" {holy, anguish, *Noise Fly rN+}
   (You found it on level 1 of the Orcish Mines)

   It has been blessed by the Shining One to cause great damage to the undead
   and demons.
   It inflicts anguish, making its victims' attacks reflect back on them.
   rN:        It protects you from negative energy.
   Fly:       It grants you flight.
   *Noise:    It may make noises in combat.
Missiles
 E - a throwing net
Armour
 d - a +1 pair of boots (worn)
 h - a +1 buckler (worn)
 j - a +0 pair of gloves (worn)
 m - +0 acid dragon scales (worn)
 U - a +0 hat of stealth (worn)
Magical Staves
 u - a staff of poison (weapon)
Jewellery
 A - a ring of positive energy
 H - a ring of see invisible (left hand)
 J - a ring of ice
 K - the ring of Uli Ried (right hand) {Int+3 Dex+6 Slay+3}
   (You found it on level 2 of the Lair of Beasts)

   [ring of dexterity]

   Int:       It affects your intelligence (+3).
   Dex:       It affects your dexterity (+6).
   Slay:      It affects your accuracy & damage with ranged weapons and melee
   (+3).
 L - an amulet of magic regeneration (around neck)
 P - a ring of resist corrosion
 R - a ring of ice
Wands
 c - a wand of quicksilver (7)
 l - a wand of mindburst (15)
 D - a wand of flame (20)
 O - a wand of iceblast (2)
Scrolls
 a - 3 scrolls of butterflies
 g - a scroll of amnesia
 n - a scroll of summoning
 o - a scroll of identify
 r - 10 scrolls of teleportation
 s - 5 scrolls of immolation
 t - 4 scrolls of enchant armour
 w - 3 scrolls of blinking
 x - 5 scrolls of fear
 F - 3 scrolls of poison
 M - a scroll of brand weapon
 S - 5 scrolls of magic mapping
Potions
 b - 2 potions of magic
 e - 4 potions of cancellation
 f - 10 potions of curing
 i - 2 potions of brilliance {unknown}
 k - 2 potions of attraction
 p - 3 potions of lignification {unknown}
 q - 4 potions of invisibility
 v - 5 potions of haste
 z - a potion of mutation {unknown}
 C - a potion of heal wounds
 G - 3 potions of berserk rage
 I - 2 potions of flight {unknown}
 N - 4 potions of resistance {unknown}
 Q - 4 potions of ambrosia
 T - 2 potions of might


   Skills:
 - Level 10.3 Fighting
 + Level 2.1 Staves
 * Level 10.0 Armour
 - Level 1.5 Dodging
 - Level 2.1 Stealth
 - Level 9.0 Shields
 * Level 14.1 Spellcasting
 * Level 9.4 Conjurations
 - Level 1.0 Transmutations
 - Level 6.0 Earth Magic
 * Level 15.5 Poison Magic


You had 23 spell levels left.
You knew the following spells:

 Your Spells              Type           Power      Damage    Failure   Level
a - Sting                 Tmut/Pois      100%       1d8       1%          1
b - Poisonous Vapours     Pois/Air       100%       N/A       1%          2
c - Mephitic Cloud        Conj/Pois/Air  60%        N/A       1%          3
d - Olgreb's Toxic Radia  Pois           81%        N/A       1%          4
e - Stone Arrow           Conj/Erth      82%        3d12      1%          3
f - Iron Shot             Conj/Erth      20%        9d5       9%          6

Your spell library contained the following spells:

 Spells                   Type           Power      Damage    Failure   Level
 Arcjolt                  Conj/Air       15%        1d25      5%          5
 Foxfire                  Conj/Fire      100%       2x1d9     1%          1
 Sandblast                Erth           70%        2d15      1%          1
 Dazzling Flash           Conj/Hex       60%        N/A       1%          3
 Hailstorm                Conj/Ice       30%        3d8       1%          3
 Spider Form              Tmut/Pois      60%        N/A       1%          3
 Iskenderun's Battlesphe  Conj           47%        2d10      1%          5
 Beastly Appendage        Tmut           32%        N/A       2%          1
 Apportation              Tloc           26%        N/A       4%          1
 Necrotise                Necr           52%        1d6       4%          1
 Summon Small Mammal      Summ           52%        N/A       4%          1
 Wereblood                Tmut           16%        N/A       4%          2
 Irradiate                Conj/Tmut      16%        3d17      4%          5
 Fireball                 Conj/Fire      15%        3d8       5%          5
 Petrify                  Tmut/Erth      26%        N/A       11%         4
 Animate Armour           Summ/Erth      48%        N/A       13%         4
 Summon Guardian Golem    Hex/Summ       13%        N/A       14%         3
 Vampiric Draining        Necr           13%        2d6       14%         3
 Orb of Destruction       Conj           23%        9d8       22%         7
 Conjure Ball Lightning   Conj/Air       15%        3x3d7     28%         6
 Starburst                Conj/Fire      15%        6d6       28%         6
 Ice Form                 Ice/Tmut       14%        N/A       36%         4
 Agony                    Necr           13%        N/A       80%         5
 Silence                  Hex/Air        6%         N/A       80%         5
 Spellforged Servitor     Conj/Summ      15%        N/A       82%         7
 Lehudib's Crystal Spear  Conj/Erth      20%        10d6      96%         8
 Simulacrum               Ice/Necr       6%         N/A       100%        6
 Sublimation of Blood     Necr           Unusable   N/A       N/A         2
 Statue Form              Tmut/Erth      Unusable   N/A       N/A         6

Dungeon Overview and Level Annotations

Branches:
Dungeon (15/15)            Temple (1/1) D:5            Lair (5/5) D:10
 Shoals (0/4) Lair:2        Snake (0/4) Lair:3        Slime (0/5) Lair:5
    Orc (2/2) D:12            Elf (0/3) Orc:2        Vaults (0/5) D:13
 Depths: D:15

Altars:
Ashenzari
Cheibriados
Dithmenos
Elyvilon
Fedhas
Gozag
Hepliaklqana
Kikubaaqudgha
Makhleb
Nemelex Xobeh
Okawaru
Qazlal
Ru
Sif Muna
Trog
Uskayaw
Vehumet
Wu Jian
Xom
Yredelemnul
Zin
The Shining One
Jiyva
Lugonu

Shops:
D:4 **   D:9 *   D:14 ?   Orc:2 (*(((

Portals:
Abyss: Lair:5

Annotations:
D:10 2 runed translucent doors
D:11 3 runed translucent doors, GiantSquids's ghost, journeyman HOBe
Lair:2 exclusion: oklob plant
Lair:3 1 runed translucent door, AigisTheKnight's ghost, journeyman DsFE


Innate Abilities, Weirdness & Mutations

You are immune to sickness and miasma.
Your stone body is resilient. (AC +11)
You are immune to poison.
Your large and strong wings let you fly.
You resist negative energy. (rN+)
You are resistant to electric shocks. (rElec)
You are resistant to unholy torment.
You are immune to petrification.
You are occasionally teleported next to monsters.
Your spells are a little easier to cast, but a little less powerful.


Message History

The iron shot misses the fire dragon.
The fire dragon breathes flames at you. The blast of flame misses you.
You hear a deafening roar!
Casting: Iron Shot (dangerous; 9% risk of failure)
Confirm with . or Enter, or press ? or * to list all spells.
Aiming: Iron Shot (dangerous; 9% risk of failure)
Press: ? - help, Shift-Dir - straight line, f/p - fire dragon
Aim: a fire dragon (moderately wounded, catching its breath, 77% to hit)
The iron shot misses the fire dragon.
Your toxic aura wanes.
Casting: Iron Shot (dangerous; 9% risk of failure)
Confirm with . or Enter, or press ? or * to list all spells.
Aiming: Iron Shot (dangerous; 9% risk of failure)
Press: ? - help, Shift-Dir - straight line, f/p - fire dragon
Aim: a fire dragon (moderately wounded, 77% to hit)
The iron shot hits the fire dragon!!
The fire dragon is heavily wounded.
Casting: Iron Shot (dangerous; 9% risk of failure)
Confirm with . or Enter, or press ? or * to list all spells.
Aiming: Iron Shot (dangerous; 9% risk of failure)
Press: ? - help, Shift-Dir - straight line, f/p - fire dragon
Aim: a fire dragon (heavily wounded, 77% to hit)
The iron shot hits the fire dragon!!
The fire dragon is severely wounded.
An ice dragon comes into view.
The ice dragon roars deafeningly!
You hit the fire dragon.
You envenom the fire dragon.
The fire dragon is severely wounded.
The fire dragon breathes flames at you. The blast of flame hits you!!!
The fire dragon breathes flames at you. The blast of flame misses you.
The fire dragon breathes flames at you. The blast of flame hits you!!
You hear a shout!
There is a stone staircase leading up here.
The ice dragon breathes frost at you. The blast of cold hits you!!!
You die...

### .# ###.## #.# ###....###
##...
######........######..... ##
.................#....# .$$
#..........##.......#
#####....
...###....######@...###.[...#
#### ##...# ##..###D..# ##..#
#..##..8.## #..# ##.D#......#
##..# ##...D.....## ##..##
##...........# #..##
#..........### ##.##
##.........# ##.##
########...#


You could see a fire dragon and an ice dragon (catching breath).

Vanquished Creatures
  Roxanne (D:14)
  An orc warlord (Orc:2)
  Josephine (D:13)
  The ghost of Vaybbaps the Cleaver, a journeyman MiBe of Trog (Orc:1)
  4 vault guards (D:13)
  4 boulder beetles
  2 catoblepae
  4 hydras
  4 centaur warriors
  A dancing weapon (Orc:1)
  5 death yaks (Lair:4)
  2 orc high priests (Orc:2)
  5 two-headed ogres
  Urug (D:12)
  2 thrashing horrors (Lair:5)
  Nergalle (D:12)
  A skeletal warrior (D:13)
  2 lindwurms (Lair:2)
  2 deep elf pyromancers
  4 orc knights
  A wolf spider (Orc:1)
  5 ugly things
  6 cyclopes
  A deep elf zephyrmancer (D:13)
  An orc sorcerer (Orc:2)
  3 manticores
  Maurice (D:13)
  4 black mambas
  A torpor snail (Lair:4)
  8 elephants
  A smoke demon (Lair:5)
  11 cane toads
  2 unseen horrors (D:13)
  A freezing wraith (D:14)
  3 rime drakes
  Psyche (D:12)
  An unseen horror (shapeshifter) (D:14)
  8 komodo dragons
  2 ancient zymes (Lair:5)
  2 efreet (D:13)
  A queen bee (D:11)
  8 trolls
  3 meliai (D:13)
  3 tarantellas
  3 hornets
  A wind drake (Lair:2)
  32 blink frogs
  3 slime creatures (D:13)
  2 spriggans (Lair:5)
  6 wraiths
  A vampire (D:10)
  3 ynoxinuls (Lair:5)
  8 small abominations (Lair:5)
  2 shadows
  9 wyverns
  65 yaks
  7 basilisks
  3 steam dragons
  2 chaos spawn (Lair:5)
  A golden eye (shapeshifter) (D:10)
  4 redbacks
  2 vampire mosquitoes (D:11)
  6 nagas (Lair:3)
  3 wargs
  9 water moccasins
  5 acid dragons
  A floating eye (shapeshifter) (D:14)
  2 ice beasts
  2 sky beasts
  2 large abominations (Lair:5)
  41 orc warriors
  2 black bears
  9 ogres
  14 wolves
  21 centaurs
  A phantom (D:5)
  2 kobold brigands (D:8)
  5 bullfrogs
  3 gnoll sergeants
  A necrophage (D:7)
  2 scorpions
  4 wights
  20 killer bees
  A howler monkey (D:10)
  2 lava snakes (Lair:2)
  3 hounds
  3 jellies
  16 orc priests
  7 iguanas
  Ijyb (D:2)
  26 orc wizards
  4 hell rats (Lair:3)
  16 gnolls
  10 adders
  An ufetubus (D:6)
  A worm (D:7)
  4 dart slugs
  114 orcs
  5 endoplasms
  3 giant cockroaches
  13 goblins
  3 hobgoblins
  7 jackals
  13 kobolds
  3 quokkas (D:1)
  3 training dummies (Orc:2)
  3 ball pythons
  4 bats
  4 frilled lizards (D:1)
  7 rats
  2 butterflies (D:7)
714 creatures vanquished.

Vanquished Creatures (collateral kills)
  A cane toad (Lair:2)
  A komodo dragon (Lair:2)
  A yak (Lair:2)
  A water moccasin (Lair:2)
  A bullfrog (Lair:2)
5 creatures vanquished.

Vanquished Creatures (others)
  An orc (D:3)
  6 fungi
  12 plants
  18 toadstools (Lair:2)
37 creatures vanquished.

Grand Total: 756 creatures vanquished

Notes
Turn   | Place    | Note
-------+----------+-------------------------------------------
     0 | D:1      | greasedhog the Gargoyle Venom Mage began the quest for the
                  | Orb.
     0 | D:1      | Reached XP level 1. HP: 10/10 MP: 3/3
   179 | D:1      | Reached skill level 1 in Transmutations
   215 | D:1      | Reached XP level 2. HP: 16/16 MP: 1/5
   261 | D:1      | Learned a level 2 spell: Poisonous Vapours
   343 | D:1      | Reached skill level 1 in Fighting
   591 | D:1      | Reached XP level 3. HP: 18/20 MP: 6/6
   629 | D:1      | Learned a level 3 spell: Mephitic Cloud
  1378 | D:2      | Found a basalt altar of Yredelemnul.
  1659 | D:2      | Reached XP level 4. HP: 26/26 MP: 5/8
  1743 | D:2      | Noticed Ijyb
  1761 | D:2      | Killed Ijyb
  2557 | D:3      | Found a hide-covered altar of Uskayaw.
  2575 | D:3      | Reached skill level 4 in Poison Magic
  2575 | D:3      | Reached XP level 5. HP: 24/31 MP: 1/9
  3049 | D:3      | Found a stormy altar of Qazlal.
  3189 | D:3      | You fall into a shaft and drop 3 floors!
  3252 | D:6      | Reached XP level 6. HP: 14/37 MP: 6/11
  3304 | D:6      | Noticed a sky beast
  3324 | D:6      | Killed a sky beast
  4183 | D:6      | Noticed an orc warrior
  4200 | D:6      | Killed an orc warrior
  4201 | D:6      | Reached skill level 5 in Poison Magic
  4201 | D:6      | Reached XP level 7. HP: 35/44 MP: 10/13
  4357 | D:5      | Entered Level 5 of the Dungeon
  4871 | D:6      | Reached skill level 5 in Fighting
  5140 | D:4      | Reached XP level 8. HP: 49/49 MP: 15/15
  5158 | D:4      | Reached skill level 1 in Armour
  5158 | D:4      | Reached skill level 5 in Spellcasting
  5172 | D:4      | Identified the +2 war axe "Leviticus" {venom, rElec rN+
                  | Will+ Dex-2}
  5213 | D:4      | Reached skill level 6 in Poison Magic
  5245 | D:4      | Learned a level 4 spell: Olgreb's Toxic Radiance
  5577 | D:4      | Found Gine's General Store.
  5578 | D:4      | Found Plog's Specific Store.
  5586 | D:4      | Bought a scroll of identify for 28 gold pieces
  6351 | D:5      | Found a staircase to the Ecumenical Temple.
  6355 | D:5      | Identified the +0 leather armour of Untruth {-Tele rF+
                  | Slay+3 Stlth+}
  6366 | Temple   | Entered the Ecumenical Temple
  6520 | Temple   | Became a worshipper of Vehumet
  6537 | D:5      | Upgraded the game from 0.30-a0-414-gcb316572d5 to
                  | 0.30-a0-439-g9e77e4d916
  6686 | D:6      | Found a shimmering blue altar of Sif Muna.
  7098 | D:7      | Reached skill level 7 in Poison Magic
  7098 | D:7      | Reached XP level 9. HP: 51/54 MP: 3/18
  7354 | D:7      | Found a snail-covered altar of Cheibriados.
  7496 | D:7      | Found a glowing golden altar of the Shining One.
  7544 | D:7      | Found a shimmering altar of Xom.
  7711 | D:8      | Reached * piety under Vehumet
  7711 | D:8      | Offered knowledge of Shock by Vehumet.
  7766 | D:8      | Reached skill level 5 in Armour
  7812 | D:8      | Reached skill level 8 in Poison Magic
  7869 | D:8      | Noticed a two-headed ogre
  7884 | D:8      | Killed a two-headed ogre
  7885 | D:8      | Reached XP level 10. HP: 58/61 MP: 1/21
  8113 | D:8      | Found a blossoming altar of Fedhas.
  8545 | D:8      | Found a bloodstained altar of Trog.
  8733 | D:9      | Reached skill level 9 in Poison Magic
  8733 | D:9      | Noticed a two-headed ogre
  8753 | D:8      | Killed a two-headed ogre
  8945 | D:9      | Offered knowledge of Scorch by Vehumet.
  9069 | D:9      | Found Kyifoy's Gadget Gallery.
  9129 | D:9      | Found a burning altar of Makhleb.
  9219 | D:9      | Reached ** piety under Vehumet
  9366 | D:9      | Found a broken altar of Ashenzari.
  9689 | D:10     | Entered Level 10 of the Dungeon
  9689 | D:10     | Noticed a cyan ugly thing
  9709 | D:9      | Killed a cyan ugly thing
  9710 | D:9      | Reached skill level 10 in Poison Magic
  9710 | D:9      | Reached XP level 11. HP: 61/69 MP: 16/24
  9852 | D:10     | Found a large runed translucent door.
  9852 | D:10     | Found a large runed translucent door.
  9868 | D:10     | Found a large runed translucent door.
  9868 | D:10     | Found a large runed translucent door.
  9869 | D:10     | Noticed a catoblepas
 10137 | D:10     | Offered knowledge of Stone Arrow by Vehumet.
 10292 | D:10     | Found a staircase to the Lair.
 10392 | D:10     | Noticed a deep elf pyromancer
 10555 | D:10     | Reached *** piety under Vehumet
 10672 | D:10     | Noticed a cyclops
 10702 | D:10     | Killed a cyclops
 10703 | D:10     | Reached skill level 10 in Fighting
 10787 | D:10     | Identified the +4 quarterstaff "Sosch" {freeze, Dex+3}
 11052 | D:10     | Killed a deep elf pyromancer
 11054 | D:10     | Killed a catoblepas
 11055 | D:10     | Reached skill level 10 in Spellcasting
 11055 | D:10     | Reached skill level 11 in Poison Magic
 11301 | D:11     | Learned a level 3 spell: Stone Arrow
 11432 | D:11     | Reached skill level 1 in Shields
 11628 | D:11     | Reached skill level 1 in Earth Magic
 11637 | D:11     | Offered knowledge of Inner Flame by Vehumet.
 11737 | D:11     | Noticed a two-headed ogre
 11757 | D:11     | Killed a two-headed ogre
 11758 | D:11     | Reached XP level 12. HP: 77/77 MP: 24/26
 11863 | D:11     | Noticed GiantSquids's ghost (journeyman HOBe)
 11897 | D:11     | Found a runed translucent gate.
 11897 | D:11     | Found a runed translucent gate.
 11897 | D:11     | Found a runed translucent gate.
 12653 | Lair:1   | Entered Level 1 of the Lair of Beasts
 12897 | Lair:1   | You fall into a shaft and drop 1 floor!
 12916 | Lair:2   | Reached **** piety under Vehumet
 12917 | Lair:2   | Offered knowledge of Airstrike by Vehumet.
 12935 | Lair:2   | Reached skill level 12 in Poison Magic
 12953 | Lair:2   | Reached skill level 5 in Shields
 13206 | Lair:2   | Found a staircase to the Shoals.
 13389 | Lair:2   | Found a runed translucent door.
 14117 | Lair:2   | Reached XP level 13. HP: 78/82 MP: 28/28
 14276 | Lair:2   | Found a blossoming altar of Fedhas.
 14605 | Lair:2   | Found a runed translucent gate.
 14621 | Lair:2   | Found a runed translucent gate.
 14622 | Lair:2   | Found a runed translucent gate.
 14622 | Lair:2   | Found a runed translucent gate.
 14622 | Lair:2   | Found a runed translucent gate.
 14623 | Lair:2   | Found a runed translucent gate.
 14640 | Lair:2   | Reached skill level 5 in Earth Magic
 14760 | Lair:2   | Identified the ring of Uli Ried {Int+3 Dex+6 Slay+3}
 14880 | Lair:3   | Reached skill level 13 in Poison Magic
 14888 | Lair:3   | Reached ***** piety under Vehumet
 15130 | Lair:3   | Offered knowledge of Yara's Violent Unravelling by Vehumet.
 15278 | Lair:3   | Found a staircase to the Snake Pit.
 15875 | Lair:3   | Reached skill level 1 in Conjurations
 16274 | Lair:3   | Found a runed translucent door.
 16275 | Lair:3   | Noticed AigisTheKnight's ghost (journeyman DsFE)
 16670 | Lair:4   | Identified the +7 flail of Zyal {protect, Str+5 Int+3 Dex-4
                  | Stlth+}
 16846 | Lair:4   | Gained mutation: Your large and strong wings let you fly.
                  | [Gargoyle growth]
 16846 | Lair:4   | Reached XP level 14. HP: 27/88 MP: 23/30
 17398 | Lair:5   | Entered Level 5 of the Lair of Beasts
 18009 | Lair:4   | Reached skill level 5 in Conjurations
 18222 | Lair:5   | Offered knowledge of Iron Shot by Vehumet.
 18230 | Lair:5   | Learned a level 6 spell: Iron Shot
 18308 | Lair:5   | Found a viscous altar of Jiyva.
 18308 | Lair:5   | Found a staircase to the Slime Pits.
 18317 | Lair:5   | Reached skill level 14 in Poison Magic
 19983 | Lair:5   | Found a corrupted altar of Lugonu.
 19984 | Lair:5   | Found a one-way gate to the infinite horrors of the Abyss.
 20480 | D:12     | Noticed Urug
 20490 | D:12     | Killed Urug
 20665 | D:12     | Noticed Nergalle
 20672 | D:12     | Killed Nergalle
 20833 | D:12     | Offered knowledge of Freezing Cloud by Vehumet.
 20853 | D:12     | Found a staircase to the Orcish Mines.
 21064 | D:12     | Noticed Psyche
 21073 | D:12     | Killed Psyche
 21507 | Orc:1    | Entered Level 1 of the Orcish Mines
 21533 | Orc:1    | Reached XP level 15. HP: 85/92 MP: 29/32
 21917 | Orc:1    | Found a runed translucent door.
 21918 | Orc:1    | Found a shimmering altar of Xom.
 21918 | Orc:1    | Noticed Vaybbaps's ghost (journeyman MiBe)
 21918 | Orc:1    | Found the +8 trishula "Condemnation" {holy, anguish, *Noise
                  | Fly rN+}
 22056 | Orc:1    | Killed Vaybbaps's ghost
 22107 | Orc:2    | Entered Level 2 of the Orcish Mines
 22115 | Orc:2    | Upgraded the game from 0.30-a0-439-g9e77e4d916 to
                  | 0.30-a0-451-ge042605de7
 22228 | Orc:2    | Noticed an orc warlord
 22243 | Orc:2    | Offered knowledge of Lightning Bolt by Vehumet.
 22246 | Orc:2    | Killed an orc warlord
 22254 | Orc:2    | Gained mutation: You have hidden genetic defects. [a
                  | neqoxec]
 22429 | Orc:2    | Found Ycvuohiw's Firing Range.
 22479 | Orc:2    | Reached skill level 15 in Poison Magic
 22825 | Orc:2    | Found Ochabboy's Antique Weapon Shoppe.
 22825 | Orc:2    | Found Saskocieni's General Store.
 22828 | Orc:2    | Found Ejuawef's Antique Weapon Emporium.
 22830 | Orc:2    | Found Miseumn's Antique Weapon Boutique.
 22834 | Orc:2    | Bought a potion of curing for 42 gold pieces
 22834 | Orc:2    | Bought a potion of heal wounds for 70 gold pieces
 23068 | Orc:2    | Found a staircase to the Elven Halls.
 23107 | Orc:2    | Gained mutation: Your spells are a little easier to cast,
                  | but a little less powerful. [hidden defects]
 23294 | Orc:2    | Identified a scroll of acquirement
 23295 | Orc:2    | Acquired a staff of poison
 23423 | D:13     | Noticed Maurice
 23438 | D:13     | Killed Maurice
 23612 | D:13     | Offered knowledge of Arcjolt by Vehumet.
 23710 | D:13     | Reached skill level 1 in Staves
 24078 | D:13     | Found a gate to the Vaults.
 24097 | D:13     | Gained mutation: You are occasionally teleported next to
                  | monsters. [hidden defects]
 24097 | D:13     | Lost mutation: You have hidden genetic defects. [hidden
                  | defects expressed]
 24181 | D:13     | Identified the +4 long sword of Integrity {antimagic, rElec
                  | Str+2 Dex+2}
 24338 | D:13     | Noticed Josephine
 24365 | D:13     | Killed Josephine
 24614 | D:14     | Identified Roxanne's Verses on Terrain
 24614 | D:14     | Noticed Roxanne
 24661 | D:14     | HP: 1/92 [cyclops/large rock (38)]
 25012 | D:14     | Found Pijarhuo's Magic Scroll Emporium.
 25020 | D:14     | Bought a scroll of identify for 38 gold pieces
 25020 | D:14     | Bought a scroll of identify for 38 gold pieces
 25020 | D:14     | Bought a scroll of identify for 38 gold pieces
 25722 | D:14     | Killed Roxanne
 25723 | D:14     | Reached skill level 10 in Armour
 25799 | D:15     | Entered Level 15 of the Dungeon
 25890 | D:15     | Killed from afar by an ice dragon

Illustrated notes

Levels and vault maps discovered:
D:1:      saegor_arrival_simple_d, layout_loops_cross, st_stairs_14,
          minmay_heptomino_h4
D:2:      kennysheep_the_goblin_king, layout_basic, serial_corexii_hall,
          chequers_hall_statues_corner_a, chequers_hall_statues_corner_a,
          basic_altar
D:3:      layout_basic, eat_drink_and_be_merry_uskayaw,
          nicolae_qazlal_eye_of_the_storm, kennysheep_generic_room_7
D:4:      layout_loops_ring, kennysheep_doodads, nicolae_specific_store,
          chequers_serial_rivers_small_3
D:5:      layout_rooms, temple_hall
D:6:      layout_basic, kennysheep_little_box, minmay_liquid_box
D:7:      layout_rooms, cheibrodos_worm_habitat, tso_altar, xom_butterflies
D:8:      layout_loops_ring, trog_butcher_becter, mainiacjoe_overflow_brackets,
          abandoned_shop
D:9:      layout_rooms, old_standard_altar, ashenzari_altar_1,
          nicolae_shop_gadgets
D:10:     layout_small_grid, erik_lair_dragon, minmay_hollow_rounded_squares
D:11:     layout_stronghold, gammafunk_ghost_icy, minivault_7
D:12:     layout_roguey [special_room_orc], hiddenorc2_lemuel, uniq_psyche,
          uniq_urug, uniq_nergalle
D:13:     layout_basic, lightli_vaults_fourway_checkpoint, uniq_josephine,
          uniq_maurice
D:14:     layout_gridville, serial_shops, shop, uniq_roxanne
D:15:     grunt_enter_depths_hoard, layout_layer_cave,
          hangedman_decor_clover_reticule, nzn_ghost_randoct
Temple:   hellmonk_temple_forest_ring
Lair:1:   layout_cave_pods, infiniplex_staircase_pool
Lair:2:   gammafunk_indiana_jones, layout_gridlike, minmay_shoals_entry_beasts,
          tgw_fedhas
Lair:3:   layout_small_grid, minmay_snake_entry_guardpost_medium,
          ebering_ghost_reflecting_pool, serial_bayou_ford_a,
          grunt_megastairs_2, lemuel_fruit_tree
Lair:4:   layout_misc_corridors
Lair:5:   hellmonk_lair_end_abyssal_woods, layout_layer_cave, slime_entry_1,
          st_stairs_6
Orc:1:    nicolae_orc_accident_3, layout_caves, ebering_ghost_xom
Orc:2:    st_orc_rangers, layout_diamond_mine, nicolae_shop_firing_range

Skill      XL: |  1  2  3  4  5  6  7  8  9 10 11 12 13 14 15 |
---------------+----------------------------------------------+-----
Transmutations | 1 |  1.0
Fighting       | 1 2 3 4 5 6 8 10 | 10.3
Spellcasting   | 3 4 6 7 9 10 11 12 13 14 | 14.1
Poison Magic   | 4 5 7 8 10 11 12 13 14 15 | 15.5
Armour         | 4 5 8 10 | 10.0
Shields        | 2 6 9 |  9.0
Earth Magic    | 1 4 6 |  6.0
Conjurations   | 3 7 9 |  9.4
Staves         | 2 |  2.1
Dodging        | |  1.5
Stealth        | |  2.1

Action                   |  1- 3 |  4- 6 |  7- 9 | 10-12 | 13-15 || total
-------------------------+-------+-------+-------+-------+-------++-------
Melee: Dagger            |    55 |   126 |   428 |   689 |    83 ||  1381
       Flail             |       |       |       |       |   213 ||   213
       Staff             |       |       |       |       |    94 ||    94
 Cast: Sting             |    68 |    56 |    16 |     2 |       ||   142
       Mephitic Cloud    |       |     1 |     2 |    13 |    53 ||    69
       Poisonous Vapours |       |     3 |    12 |    41 |   126 ||   182
       Olgreb's Toxic Ra |       |       |    11 |    68 |   160 ||   239
       Stone Arrow       |       |       |       |    12 |   134 ||   146
       Iron Shot         |       |       |       |       |    77 ||    77
Evoke: Wand              |       |     1 |       |     2 |     3 ||     6
  Use: Scroll            |     5 |     1 |     7 |     2 |    11 ||    26
       Potion            |       |       |       |     2 |     2 ||     4
 Stab: Sleeping          |       |     1 |     4 |     2 |     1 ||     8
       Confused          |       |       |       |     2 |     6 ||     8
       Petrifying        |       |       |       |       |     1 ||     1
Armor: Robe              |    30 |    61 |   155 |    21 |       ||   267
       Acid dragon scale |       |       |       |   333 |   305 ||   638
Dodge: Dodged            |    46 |    52 |   274 |   524 |   295 ||  1191
Block: Buckler           |     2 |    26 |    65 |   171 |   180 ||   444

Table legend: (Time is in decaauts)
 A = Elapsed time spent in this place.
 B = Non-inter-level travel time spent in this place.
 C = Inter-level travel time spent in this place.
 D = Time resting spent in this place.
 E = Time spent auto-exploring this place.
 F = Levels seen in this place.
 G = Mean time per level.
                   A        B        C        D        E       F      G
               +--------+--------+--------+--------+--------+-----+--------+
         Total |  26183 |  24505 |   1678 |   3712 |  16014 |  23 | 1138.4 |
       Dungeon |  16358 |  15131 |   1227 |   2019 |  10007 |  15 | 1090.5 |
        Temple |    169 |    134 |     35 |      0 |    124 |   1 |  169.0 |
          Lair |   7773 |   7438 |    335 |   1594 |   4608 |   5 | 1554.6 |
  Orcish Mines |   1881 |   1801 |     80 |     99 |   1275 |   2 |  940.5 |
               +--------+--------+--------+--------+--------+-----+--------+

Top non-repeatable levels by time:
     D:6: 2267 daAuts
  Lair:5: 2106 daAuts
  Lair:4: 1843 daAuts
  Lair:3: 1632 daAuts
    D:10: 1568 daAuts
    D:11: 1536 daAuts
    D:13: 1484 daAuts
     D:2: 1317 daAuts
  Lair:2: 1297 daAuts
   Orc:2: 1273 daAuts
     D:8: 1190 daAuts
     D:1: 1148 daAuts
    D:12: 1077 daAuts
    D:14: 977 daAuts
  Lair:1: 894 daAuts
